AoeStats
← 索娜

Arabia

508402943Analyzed
1v1 RM · 9d ago on Sep 22, 2026· 34m 31s· 2 players
Game mode
Random Map
Map size
Tiny (2 player)
Population
200
Speed
Normal
Resources
Standard
Victory
Conquest
Starting age
Dark Age
Ending age
Imperial Age
RankedLock teamsTeams togetherTeam positionsShared explorationLock speedFull tech treeHidden civsTurbo modeCheats
Victory
Defeat
🇹🇼 Franks · Taiwan
1139
+18
🇫🇮 Armenians · Finland
1172
-18
索娜
5:49 Loom
9:07 Feudal Age
9:44 Double-Bit Axe
18:55 Castle Age
17:47 Scale Barding Armor
17:55 Gold Mining
20:08 Chain Barding Armor
26:36 Husbandry
Ctrik
7:36 Loom
10:11 Feudal Age
15:13 Castle Age
16:04 Horse Collar
21:45 Heavy Plow
25:54 Pikeman
32:37 Scale Mail Armor
Connection lost

Rejoining the realm…

Still unreachable

The connection could not be restored.

Session expired

The server has moved on; the page needs a fresh start.